 Dungeon Crawl Stone Soup version 0.16-a0-1009-g0339a9e (webtiles) character file.

55 Ratboiler the Scratcher (level 3, 15/15 HPs)
             Began as a Felid Transmuter on Oct 3, 2014.
             Quit the game on Level 3 of the Dungeon.
             The game lasted 00:09:35 (2992 turns).

Ratboiler the Scratcher (Felid Transmuter)          Turns: 2992, Time: 00:09:35

HP  15/15        AC  1     Str  6      XL: 3   Next: 67%
MP   8/8         EV 18     Int 14      God:
Gold 152         SH  0     Dex 17      Spells:  3 memorised,  0 levels left
Lives: 0, deaths: 1

rFire  . . .     SeeInvis +       - Unarmed
rCold  . . .     Clarity  .     (armour unavailable)
rNeg   . . .     rCorr    .     (shield unavailable)
rPois  .         rRot     .     (helmet unavailable)
rElec  .         Spirit   .     (cloak unavailable)
SustAb .         Warding  .     (gloves unavailable)
rMut   .         Stasis   .     (boots unavailable)
Gourm  .                        (no amulet)
MR     .....                    (no ring)
                                e - +1 ring of slaying

@: quick, not resistant to hostile enchantments, unstealthy
A: paw claws, no armour, no weapons or thrown items, fangs 3, see invisible,
carnivore 3, speed 1, shaggy fur 1, slow metabolism 1, wild magic 1, jump 1
a: Jump Attack


You were on level 3 of the Dungeon.
You were not hungry.

You visited 1 branch of the dungeon, and saw 3 of its levels.

You collected 152 gold pieces.

Inventory:

Missiles
 b - 33 arrows
Magical devices
 n - a wand of lightning (5)
Comestibles
 a - a meat ration
 m - a slice of pizza
Scrolls
 g - 3 scrolls of remove curse {unknown}
 h - a scroll of blinking {unknown}
 j - 2 scrolls of amnesia {unknown}
 k - a scroll of magic mapping {unknown}
 o - 4 scrolls of identify {unknown}
 q - a scroll of immolation {unknown}
 r - 2 scrolls of teleportation {unknown}
Jewellery
 e - a +1 ring of slaying (left paw)
 p - an uncursed ring of protection from cold {unknown}
Books
 d - a book of Changes

   Spells                             Type                      Level
   *Beastly Appendage                 Transmutation                1
   *Sticks to Snakes                  Transmutation                2
   *Spider Form                       Transmutation/Poison         3
   Ice Form                           Ice/Transmutation            4
   Blade Hands                        Transmutation                5


   Skills:
 - Level 1.0 Fighting
 - Level 2.6 Dodging
 - Level 1.1 Stealth
 - Level 5.2 Unarmed Combat
 - Level 2.0 Spellcasting
 * Level 2.5 Transmutations


You couldn't memorise any spells.
You knew the following spells:

 Your Spells              Type           Power        Failure   Level  Hunger
a - Beastly Appendage     Trmt           ##....       19%         1    ##.....
b - Sticks to Snakes      Trmt           ##........   26%         2    ###....
c - Spider Form           Trmt/Pois      #.........   63%         3    ####...


Dungeon Overview and Level Annotations

Branches:
Dungeon (3/15)

Altars:
Fedhas


Innate Abilities, Weirdness & Mutations

You cannot wear armour.
You are incapable of wielding weapons or throwing items.
Your paws have sharp claws.
You have razor-sharp teeth.
You have supernaturally acute eyesight.
You are carnivorous and can eat meat at any time.
You cover ground quickly.
You are covered in fur (AC +1).
You have a slow metabolism.
You can jump attack at a short distance.
Your spells are a little harder to cast, but a little more powerful.


Message History

Your ball python dies!
Drink which item? (? for menu, Esc to quit)
You feel yourself speed up.
It was a potion of haste.
You feel less confused.
You are very lightly contaminated with residual magic.
You barely miss the scorpion.
The scorpion is heavily wounded.
* * * LOW HITPOINT WARNING * * *
You feel sick.
Unknown command.
You barely miss the scorpion.
The scorpion is heavily wounded.
The scorpion stings you!
You die...
You are more poisoned.
The scorpion poisons you!
You are now level 3!
Your horns disappear.
You rejoin the land of the living...
Are you sure you want to abandon this character and quit the game? (Confirm with "yes".)

...##..#............#.#...#......
...##..#...)........#.#...#.####.
..)....#............#.#...#.#....
.......#............#.#...#.#.##.
...#......>........##.#...#....#.
..................###.#...#.####.
.......#..................#...##.
..................###<#.#.###.##.
.......##....###@.#..............
##.#.........#....####....###.##.
##.#.#%#.....###.................
##.#.#.#.#+## #.(...#..#########
.#.#.#.# #.....#.......%...
##.#.#.# #.....##.#########
#.#.#.# #.....##...
.#.....#########.............
.###.#.............#.>........ .


There were no monsters in sight!

Vanquished Creatures
  An orc wizard (D:3)
  An adder (D:2)
  2 worms (D:3)
  4 giant geckos
  5 orcs (D:3)
  5 giant cockroaches
  6 hobgoblins
  11 jackals
  A ball python (D:2)
  6 bats
  A giant newt (D:2)
  8 goblins
  6 kobolds
  4 rats
61 creatures vanquished.

Notes
Turn   | Place    | Note
--------------------------------------------------------------
     0 | D:1      | Ratboiler, the Felid Transmuter, began the quest for the Orb.
     0 | D:1      | Reached XP level 1. HP: 9/9 MP: 4/4
   225 | D:1      | Reached XP level 2. HP: 12/12 MP: 3/5
   235 | D:1      | Learned a level 2 spell: Sticks to Snakes
   686 | D:1      | Reached skill level 4 in Unarmed Combat
  1050 | D:1      | Reached XP level 3. HP: 12/15 MP: 6/8
  1100 | D:1      | Learned a level 3 spell: Spider Form
  1735 | D:2      | Found a blossoming altar of Fedhas.
  1802 | D:2      | Reached skill level 1 in Stealth
  2366 | D:3      | Reached XP level 4. HP: 19/19 MP: 10/10
  2760 | D:3      | Reached skill level 5 in Unarmed Combat
  2985 | D:3      | Gained mutation: Your spells are a little harder to cast, but a little more powerful. [potion of mutation]
  2989 | D:3      | Slain by a scorpion
  2990 | D:3      | Reached XP level 3. HP: -2/15 MP: 3/8
  2992 | D:3      | Quit the game

Action                   |  1- 3 |  4- 6 || total
-------------------------+-------+-------++-------
Melee: Unarmed           |   108 |    27 ||   135
 Cast: Beastly Appendage |    22 |     6 ||    28
       Sticks to Snakes  |       |     7 ||     7
Evoke: Wand              |       |     1 ||     1
  Use: Potion            |       |     4 ||     4
 Stab: Sleeping          |     5 |       ||     5
  Eat: Chunk             |     9 |     3 ||    12
